 Dungeon Crawl Stone Soup version 0.27-a0-732-ga892ba84f6 (webtiles) character file.

Game seed: 9914619791810861703

32 robertstho the Covered (level 3, -6/24 HPs)
             Began as a Gargoyle Fighter on Mar 23, 2021.
             Mangled by Sigmund
             ... wielding a +3 scythe of freezing
              (7 damage)
             ... on level 2 of the Dungeon.
             The game lasted 00:01:12 (1468 turns).

robertstho the Covered (Gargoyle Fighter)           Turns: 1468, Time: 00:01:12

Health: -6/24      AC: 11    Str: 16 (19) XL:     3   Next: 27%
Magic:  3/3        EV:  7    Int:  7 (8)  God:
Gold:   40         SH:  0    Dex:  9 (10) Spells: 2/2 levels left

rFire    . . .     SeeInvis .   a - +0 flail
rCold    . . .     Faith    .   c - +0 kite shield
rNeg     + . .     Spirit   .   b - +0 scale mail
rPois    ∞         Reflect  .   (no helmet)
rElec    +         Harm     .   k - +0 cloak
rCorr    .         Rampage  .   (no gloves)
Will     .....                  (no boots)
Stlth    ..........             (no amulet)
HPRegen  0.08/turn              (no ring)
MPRegen  0.08/turn              (no ring)

@: confused, mighty, attractive
A: AC +3, negative energy resistance 1, electricity resistance, torment
resistance 1, unbreathing 1, petrification resistance
a: no special abilities


You were on level 2 of the Dungeon.
You visited 1 branch of the dungeon, and saw 2 of its levels.

You collected 40 gold pieces.

Inventory:

Hand Weapons
 a - a +0 flail (weapon)
Armour
 b - a +0 scale mail (worn)
 c - a +0 kite shield (worn)
 k - a +0 cloak (worn)
Scrolls
 f - a scroll of identify {unknown}
 g - a scroll of teleportation {unknown}
 i - a scroll of immolation {unknown}
 j - a scroll of fear {unknown}
Potions
 h - a potion of flight {unknown}
 l - 2 potions of magic {unknown}


   Skills:
 * Level 3.8 Fighting
 + Level 2.2 Maces & Flails
 * Level 3.9 Armour
 + Level 3.5 Shields


You had 2 spell levels left.
You didn't know any spells.
Your spell library was empty.

Dungeon Overview and Level Annotations

Branches:
Dungeon (2/15)

Altars:

Shops:
D:1 (

Annotations:
D:2 Sigmund


Innate Abilities, Weirdness & Mutations

Your stone body is resilient. (AC +3)
You are immune to poison.
You resist negative energy. (rN+)
You are resistant to electric shocks. (rElec)
You are resistant to unholy torment.
You can survive without breathing.
You are immune to petrification.


Message History

Sigmund the Dreaded comes into view.
He is wielding a +3 scythe of freezing and carrying a wand of digging (5).
Sigmund shouts!
Sigmund casts a spell at you.
You are confused.
Sigmund is nearby!
Sigmund is nearby!
Sigmund is nearby!
Sigmund is nearby!
You bump into the rock wall.
You bump into the rock wall.
Sigmund zaps a wand.
You hear a grinding noise.
Sigmund points at you and mumbles some strange words.
You are more confused.
You bump into the rock wall.
Sigmund points at himself and mumbles some strange words.
Sigmund flickers and vanishes!
Deactivating autopickup; reactivate with Ctrl-A.
You hear some strange, mumbled words.
A magic dart appears from out of thin air!
The magic dart hits you!
Your shield and scale mail prevent you from hitting something.
Something hits you. Something freezes you.
You hear some strange, mumbled words.
A puff of flame appears from out of thin air!
The puff of flame hits you but does no damage.
You bump into the rock wall.
Something hits you. Something freezes you.
You feel very mighty all of a sudden.
You hear some strange, mumbled words.
You are more confused.
It was a potion of degeneration.
There was something very wrong with that liquid.
You feel weakened.
You feel dopey.
You feel clumsy. Something hits you.
* * * LOW HITPOINT WARNING * * *
Something freezes you.
* * * LOW HITPOINT WARNING * * *
It was a potion of attraction.
You feel attractive to monsters. Something hits you!
You die...

+...+.# #.#
#...#########.######
###................#
###.###.....)......#
#...#...#.#####.#..#
#.#...###.......# .#
#.....### #.#.#)#.# #
##..#######.#.#.#.# ##
..........{@...#.#(#....
#.##.#######.#..#.......#
# #. ##...#.#####.# #.
##..........#
#...#####..# ###.# #. #.
##


There were no monsters in sight!

Vanquished Creatures
  An adder (D:2)
  2 dart slugs
  A ball python (D:1)
  3 goblins
  3 hobgoblins (D:1)
  A kobold (D:2)
  3 oozes
  A quokka (D:1)
  2 rats
17 creatures vanquished.

Notes
Turn   | Place    | Note
-------+----------+-------------------------------------------
     0 | D:1      | robertstho the Gargoyle Fighter began the quest for the
                  | Orb.
     0 | D:1      | Reached XP level 1. HP: 14/14 MP: 1/1
   256 | D:1      | Reached XP level 2. HP: 15/19 MP: 2/2
   488 | D:1      | Found Keocs's Antique Weapon Shoppe.
  1312 | D:2      | Reached XP level 3. HP: 17/24 MP: 3/3
  1455 | D:2      | Noticed Sigmund
  1467 | D:2      | HP: 1/24 [something (2)]
  1468 | D:2      | Mangled by Sigmund

Illustrated notes

Levels and vault maps discovered:
D:1:      dpeg_arrival_three_same_balls, layout_basic, serial_shops,
          nicolae_shop_temple_entry_statues_fountains
D:2:      layout_basic, minmay_pentomino_o4, uniq_robin, uniq_sigmund

Action                   || total
-------------------------++-------
Melee: Flail             ||    70
  Use: Potion            ||     3
Armor: Scale mail        ||    52
Dodge: Dodged            ||    33
Block: Kite shield       ||    31

Table legend: (Time is in decaauts)
 A = Elapsed time spent in this place.
 B = Non-inter-level travel time spent in this place.
 C = Inter-level travel time spent in this place.
 D = Time resting spent in this place.
 E = Time spent auto-exploring this place.
 F = Levels seen in this place.
 G = Mean time per level.
                   A        B        C        D        E       F      G
               +--------+--------+--------+--------+--------+-----+--------+
         Total |   1504 |   1444 |     60 |      0 |   1258 |   2 |  752.0 |
       Dungeon |   1504 |   1444 |     60 |      0 |   1258 |   2 |  752.0 |
               +--------+--------+--------+--------+--------+-----+--------+

Top non-repeatable levels by time:
     D:1: 1133 daAuts
     D:2: 371 daAuts
